 Dungeon Crawl Stone Soup version 0.32-a0-468-g38b2580584 (webtiles) character file.

Game seed: 13646410949524148334

491 shoop the Cleaver (level 6, 0/51 HPs)
             Began as a Mountain Dwarf Fighter on Feb 25, 2024.
             Slain by a gnoll
             ... wielding a +0 spear
              (1 damage)
             ... on level 5 of the Dungeon.
             The game lasted 00:03:53 (3034 turns).

shoop the Cleaver (Mountain Dwarf Fighter)          Turns: 3034, Time: 00:03:54

Health: 0/51       AC:  6    Str: 20    XL:     6   Next: 91%
Magic:  6/6        EV:  9    Int:  9    God:
Gold:   99         SH:  4    Dex:  9    Spells: 5/5 levels left

rFire   . . .        a - +0 war axe
rCold   . . .        c - +0 buckler
rNeg    . . .        b - +0 scale mail
rPois   .            (no helmet)
rElec   .            (no cloak)
rCorr   .            (no gloves)
SInv    .            (no boots)
Will    .....        (no amulet) Stlth
                     i - ring of flight
HPRegen 0.28/turn    (no ring)
MPRegen 0.10/turn

%: no passive effects
@: flying
A: runic magic, artefact enchanting
a: no special abilities


You were on level 5 of the Dungeon.
You visited 1 branch of the dungeon, and saw 5 of its levels.

You collected 99 gold pieces.

Inventory:

Hand Weapons
 a - a +0 war axe (weapon)
Missiles
 s - 4 silver javelins
 t - 3 boomerangs (quivered)
Armour
 b - a +0 scale mail (worn)
 c - a +0 buckler (worn)
Jewellery
 i - a ring of flight (left hand)
 k - a ring of wizardry
 n - a ring of wizardry
 q - a ring of wizardry
Wands
 o - a wand of flame (18)
Scrolls
 e - 2 scrolls of teleportation {unknown}
 f - a scroll of enchant armour {unknown}
 j - a scroll of torment {unknown}
 m - a scroll of revelation {unknown}
 p - a scroll of poison {unknown}
 v - a scroll of identify {unknown}
 w - a scroll of vulnerability {unknown}
Potions
 d - 4 potions of might
 g - a potion of mutation {unknown}
 h - 2 potions of degeneration {unknown}
 l - 3 potions of curing {unknown}
 r - a potion of haste {unknown}
 u - a potion of lignification {unknown}


   Skills:
 - Level 3.2 Fighting
 + Level 8.7 Axes
 - Level 3.2 Armour
 - Level 3.2 Shields
 - Level 2.0 Evocations


You had 5 spell levels left.
You didn't know any spells.
Your spell library contained the following spells:

 Spells                   Type           Power      Damage    Failure   Level
 Summon Small Mammal      Summ           0%         N/A       54%         1
 Call Canine Familiar     Summ           0%         N/A       89%         3
 Summon Blazeheart Golem  Fire/Summ      0%         N/A       100%        4
 Vhi's Electric Charge    Tloc/Air       0%         N/A       100%        4
 Arcjolt                  Conj/Air       0%         1d10      100%        5
 Plasma Beam              Fire/Air       0%         2x1d10    100%        6


Dungeon Overview and Level Annotations

Branches:
Dungeon (5/15)             Temple (0/1) D:4

Altars:

Annotations:
D:5 Sigmund


Innate Abilities, Weirdness & Mutations

Your spellcasting is much less encumbered by armour.
You can use scrolls of enchantment on lesser artefacts.


Message History

The gnoll attacks as it pursues you!
The gnoll hits you from afar with a +0 spear.
The gnoll attacks as it pursues you! The gnoll completely misses you.
A sleepcap comes into view.
The gnoll attacks as it pursues you! You block the gnoll's attack.
Found a robe.
The gnoll attacks as it pursues you! The gnoll hits you with a +0 flail!
Found a sling.
The hound attacks as it pursues you! You block the hound's attack.
The hound bites you. The hound attacks as it pursues you!
The hound bites you but does no damage.
The hound stops to sniff the ground.
The hound barely misses you. The hound attacks as it pursues you!
The hound bites you. The hound attacks as it pursues you! The hound bites you.
* * * LOW HITPOINT WARNING * * *
The hound bites you.
* * * LOW HITPOINT WARNING * * *
The hound bites you but does no damage. The hound closely misses you.
The hound attacks as it pursues you! You block the hound's attack.
The hound attacks as it pursues you! The hound bites you but does no damage.
The hound bites you.
* * * LOW HITPOINT WARNING * * *
You closely miss the hound. The hound bites you.
* * * LOW HITPOINT WARNING * * *
You block the hound's attack.
You slash the hound!
The hound is almost dead.
The hound bites you.
* * * LOW HITPOINT WARNING * * *
You barely miss the hound.
The hound is almost dead.
The hound barely misses you. The hound bites you.
* * * LOW HITPOINT WARNING * * *
You block the gnoll's attack.
You slash the hound!
You kill the hound!
The gnoll hits you from afar with a +0 spear.
You die...

.##......##.###....#....
............##.....#....
.
............gg##.......#
..
#.####.####.#...#.#.#..
......
#.###.g.###...#.#...#.#
.....
#@##.....####.....)..
......####.###g.g##
###.....# #........@.#
##g## ......
#..#####.### #@# # #..#
#.# #.# #..### #.# ##'##
#....# #.# ##...##
#.##.# #<# ##.....## #<#
.##.###.......## #.#
.#.##.........# #..
...+......@<.+ ####
####....>....#


You could see Sigmund (wandering) and 4 gnolls.

Vanquished Creatures
  A black bear (D:4)
  2 centaurs
  A scorpion (D:4)
  A hound (D:5)
  Ijyb (D:3)
  An iguana (D:4)
  6 adders
  A dart slug (D:2)
  2 ribbon worms
  4 ball pythons
  5 endoplasms
  A giant cockroach (D:1)
  12 goblins
  8 hobgoblins
  3 quokkas
  6 bats
  3 frilled lizards
  3 kobolds
  4 rats
65 creatures vanquished.

Notes
Turn   | Place    | Note
-------+----------+-------------------------------------------
     0 | D:1      | shoop the Mountain Dwarf Fighter began the quest for the
                  | Orb.
     0 | D:1      | Reached XP level 1. HP: 19/19 MP: 1/1
    80 | D:1      | Reached skill level 3 in Axes
   143 | D:1      | Reached XP level 2. HP: 25/26 MP: 2/2
   805 | D:2      | Reached skill level 4 in Axes
   898 | D:2      | Reached XP level 3. HP: 28/31 MP: 3/3
  1039 | D:2      | Reached skill level 5 in Axes
  1118 | D:2      | Reached XP level 4. HP: 38/38 MP: 4/4
  1354 | D:3      | Noticed a centaur
  1358 | D:3      | Killed a centaur
  1359 | D:3      | Reached skill level 6 in Axes
  1359 | D:3      | Reached XP level 5. HP: 35/45 MP: 5/5
  1408 | D:3      | Noticed Ijyb
  1424 | D:3      | Killed Ijyb
  1620 | D:3      | Reached skill level 7 in Axes
  2167 | D:4      | Reached skill level 1 in Evocations
  2226 | D:4      | Noticed a black bear
  2236 | D:4      | Killed a black bear
  2237 | D:4      | Reached XP level 6. HP: 23/51 MP: 6/6
  2372 | D:4      | Found a staircase to the Ecumenical Temple.
  2396 | D:4      | Reached skill level 8 in Axes
  2770 | D:5      | Entered Level 5 of the Dungeon
  2777 | D:5      | Noticed Sigmund
  3033 | D:5      | HP: 1/51 [hound (5)]
  3034 | D:5      | Slain by a gnoll

Illustrated notes

Levels and vault maps discovered:
D:1:      dpeg_arrival_tiny_d, layout_loops_ring, minmay_misc_feat_square
D:2:      layout_rooms, kennysheep_cross_room, st_stairs_11
D:3:      layout_loops_cross, uniq_ijyb
D:4:      layout_rooms, minmay_temple_entry_large_hall
D:5:      nicolae_cairo_tiling_large_dashed, layout_loops_corners, tso_altar,
          minivault_19, uniq_sigmund

Skill      XL: |  1  2  3  4  5  6 |
---------------+-------------------+-----
Axes           | 3 4 5 6 7 8 |  8.7
Evocations     | 2 |  2.0
Fighting       | |  3.2
Armour         | |  3.2
Shields        | |  3.2

Action                     |  1- 3 |  4- 6 || total
---------------------------+-------+-------++-------
  Melee: War axe           |   114 |   107 ||   221
  Throw: Boomerang         |       |     4 ||     4
 Armour: Scale mail        |    94 |   115 ||   209
  Dodge: Dodged            |    57 |    57 ||   114
  Block: Buckler           |    20 |    29 ||    49

Table legend: (Time is in decaauts)
 A = Elapsed time spent in this place.
 B = Non-inter-level travel time spent in this place.
 C = Inter-level travel time spent in this place.
 D = Time resting spent in this place.
 E = Time spent auto-exploring this place.
 F = Levels seen in this place.
 G = Mean time per level.
                   A        B        C        D        E       F      G
               +--------+--------+--------+--------+--------+-----+--------+
         Total |   3092 |   2988 |    104 |      8 |   2409 |   5 |  618.4 |
       Dungeon |   3092 |   2988 |    104 |      8 |   2409 |   5 |  618.4 |
               +--------+--------+--------+--------+--------+-----+--------+

Top non-repeatable levels by time:
     D:3: 820 daAuts
     D:4: 719 daAuts
     D:1: 717 daAuts
     D:2: 605 daAuts
     D:5: 229 daAuts
